 Dungeon Crawl Stone Soup version 0.30.1 (webtiles) character file.

Game seed: 116843442892215467

109480 boopmooplesden the Impaler (level 16, -18/147 HPs)
             Began as a Grey Draconian Berserker on July 5, 2023.
             Was a High Priest of Trog.
             Demolished by a tyrant leech (24 damage)
             ... called by a spriggan druid
             ... on level 1 of the Swamp.
             The game lasted 00:53:54 (28561 turns).

boopmooplesden the Impaler (DrBe)                  Turns: 28561, Time: 00:53:55

Health: -18/147    AC: 28    Str: 27    XL:     16   Next: 5%
Magic:  16/16      EV: 18    Int:  7    God:    Trog [*****.]
Gold:   1890       SH: 14    Dex: 14    Spells: 15/15 levels left

rFire   + . .        X - +2 demon trident of Pumeddir {freeze, *Slow rElec rC- rN+++}
rCold   x . .        H - +2 kite shield {AC+3}
rNeg    + + +        (body armour unavailable)
rPois   .            h - +2 hat
rElec   +            V - +1 cloak {Will+}
rCorr   .            Z - +3 pair of gloves of the Charred God {SInv}
SInv    +            G - +2 pair of boots {Stlth+}
Will    ++++.        j - amulet of the acrobat
Stlth   +++++        C - ring "Zaemet" {Fire *Slow rElec rN++ Str+2}
HPRegen 0.44/turn    K - ring "Syeq" {rC+ rN+ Will++}
MPRegen 0.15/turn

%: slow self (2%), acrobat
@: on berserk cooldown, slowed, very slow
A: AC +14, amphibious, unfitting armour, cold-blooded
a: Renounce Religion, Berserk, Trog's Hand, Brothers in Arms


You were on level 1 of the Swamp.
You worshipped Trog.
Trog was extremely pleased with you.
You visited 5 branches of the dungeon, and saw 25 of its levels.
You also visited: Sewer, Ossuary, Bailey, Gauntlet and Ice Cave.

You collected 2323 gold pieces.
You spent 433 gold pieces at shops.

Inventory:

Hand Weapons
 E - a +6 trident
 I - a +2 halberd
 P - a +4 vampiric spear
 X - the +2 demon trident of Pumeddir (weapon) {freeze, *Slow rElec rC- rN+++}
   (You found it in a Gauntlet)

   rC:        It makes you vulnerable to cold.
   rElec:     It insulates you from electricity.
   rN:        It renders you almost immune to negative energy.
   *Slow:     It may slow you when you take damage.
Missiles
 c - a throwing net (quivered)
 m - 7 silver boomerangs
 A - 7 boomerangs
 D - 13 javelins
Armour
 h - a +2 hat (worn)
 G - a +2 pair of boots of stealth (worn)
 H - a +2 kite shield of protection (worn)
 V - a +1 cloak of willpower (worn)
 Z - the +3 pair of gloves of the Charred God (worn) {SInv}
   (You found it in a Gauntlet)

   SInv:      It lets you see invisible.
Jewellery
 a - a ring of resist corrosion
 g - a ring of willpower
 j - an amulet of the acrobat (around neck)
 s - a ring of see invisible
 u - a ring of ice
 y - an amulet of faith
 B - a +4 ring of slaying
 C - the ring "Zaemet" (left hand) {Fire *Slow rElec rN++ Str+2}
   (You took it off a minotaur in a Gauntlet)

   [ring of fire]

   It enhances your fire magic.
   Str:       It affects your strength (+2).
   rF:        It protects you from fire.
   rC:        It makes you vulnerable to cold.
   rElec:     It insulates you from electricity.
   rN:        It greatly protects you from negative energy.
   *Slow:     It may slow you when you take damage.
 K - the ring "Syeq" (right hand) {rC+ rN+ Will++}
   (You found it in an ice cave)

   [ring of protection from cold]

   rC:        It protects you from cold.
   rN:        It protects you from negative energy.
   Will:      It greatly increases your willpower.
 O - a ring of protection from cold
 Q - a ring of positive energy
 T - a +4 ring of slaying
 W - a +6 ring of strength
Wands
 r - a wand of mindburst (31)
 t - a wand of paralysis (34)
 F - a wand of flame (25)
 S - a wand of iceblast (10)
Scrolls
 d - 11 scrolls of identify
 p - 8 scrolls of teleportation
 J - a scroll of magic mapping
 N - 4 scrolls of amnesia
 U - 6 scrolls of fear
 Y - 5 scrolls of fog
Potions
 b - 6 potions of brilliance
 e - 5 potions of magic
 f - 4 potions of attraction
 i - 5 potions of ambrosia
 k - 9 potions of curing
 l - 6 potions of heal wounds
 n - 6 potions of degeneration
 o - a potion of invisibility
 q - 8 potions of mutation
 v - 3 potions of cancellation
 w - 4 potions of might
 x - 7 potions of haste
 z - 2 potions of resistance
 M - 2 potions of berserk rage
 R - 2 potions of lignification
Miscellaneous
 L - a condenser vane


   Skills:
 + Level 14.7 Fighting
 + Level 16.1 Polearms
 + Level 0.2 Throwing
 + Level 14.8 Dodging
 + Level 7.3 Stealth
 + Level 12.0 Shields
 + Level 1.2 Evocations


You had 15 spell levels left.
You didn't know any spells.
Your spell library was empty.

Dungeon Overview and Level Annotations

Branches:
Dungeon (15/15)            Temple (0/1) D:7            Lair (5/5) D:11
  Swamp (2/4) Lair:2       Spider (1/4) Lair:2        Slime (0/5) Lair:5
    Orc (2/2) D:11            Elf (0/3) Orc:2        Vaults (0/5) D:14
 Depths (0/4) D:15          Sewer (visited)         Ossuary (visited)
 Bailey (visited)           IceCv (visited)         Gauntlet (visited)

Altars:
Dithmenos
Hepliaklqana
Kikubaaqudgha
Makhleb
Okawaru
Ru
Vehumet
Yredelemnul
Zin
Jiyva

Shops:
D:5 !   D:6 (   D:11 *   D:14 *:=![   Orc:2 (:*!

Annotations:
Swamp:2 Nikola


Innate Abilities, Weirdness & Mutations

Your dull iron-grey scales are very hard. (AC +14)
You are amphibious.
You cannot fit into any form of body armour.
You are cold-blooded and may be slowed by cold attacks.


Message History

The tyrant leech bites you!!
* * * LOW HITPOINT WARNING * * *
The spriggan closely misses you. The spriggan attacks as you move away!
The spriggan closely misses you. You block the bunyip's attack.
The bunyip closely misses you.
The bunyip claws you but does no damage.
The tyrant leech closely misses you.
You impale the tyrant leech!! You freeze the tyrant leech!
The tyrant leech is severely wounded.
The spriggan hits you with a +0 falchion!
* * * LOW HITPOINT WARNING * * *
The spriggan hits you but does no damage.
The tyrant leech bites you!
* * * LOW HITPOINT WARNING * * *
You block the tyrant leech's attack. You block the spriggan's attack.
The bunyip closely misses you. x2; You block the bunyip's attack.
You impale the tyrant leech!! You freeze the tyrant leech!
The tyrant leech is severely wounded.
You block the tyrant leech's attack. You block the spriggan's attack.
The tyrant leech bites you.
* * * LOW HITPOINT WARNING * * *
You miss the tyrant leech.
The tyrant leech is severely wounded.
The bunyip no longer looks unusually strong.
You block the spriggan's attack. You block the tyrant leech's attack.
The tyrant leech bites you.
* * * LOW HITPOINT WARNING * * *
You barely miss the tyrant leech.
The tyrant leech is severely wounded.
The spriggan misses you. You block the bunyip's attack.
The bunyip barely misses you. The bunyip claws you.
* * * LOW HITPOINT WARNING * * *
The tyrant leech closely misses you. You block the tyrant leech's attack.
You closely miss the tyrant leech. You tail-slap the tyrant leech.
The tyrant leech is severely wounded.
You block the spriggan's attack.
You closely miss the tyrant leech.
Your tail-slap misses the tyrant leech.
The tyrant leech is severely wounded.
You block the tyrant leech's attack. The tyrant leech bites you!!
You die...

♣♣ ♣♣♣♣ ~ ♣~♣♣..♣♣
..♣♣.~....♣♣
....~~~.~..♣♣
...~~~~.~).~♣♣..
..~~~~§wi..~....♣
~~~.....@w.......
~~~.....x~~..~~~.♣
~~~.♣♣~.~~§~.~~~~.
~~~ ♣♣<~~§~~~~~..
~. ♣♣♣.~~~~~~~~~~
♣♣~..§~~~~~~~~
♣§..~~~~~~..~
♣.~~~~~§~....
♣~~~~~~~~§...


You could see a bunyip, 2 tyrant leeches and a spriggan.

Vanquished Creatures
  A frost giant (IceCv)
  2 eleionomae (Swamp:2)
  A minotaur (Gauntlet)
  Erolcha (D:12)
  9 hydras
  An ogre mage (D:15)
  2 boulder beetles
  4 centaur warriors (D:14)
  The ghost of jurchenman the Thaumaturge, a journeyman DECj of Vehumet (Lair:3)
  4 vault guards (D:14)
  6 two-headed ogres
  Urug (Lair:3)
  A tengu warrior (D:14)
  10 death yaks
  4 orc high priests (Orc:2)
  Nergalle (D:10)
  A fire crab (Gauntlet)
  A goliath frog (Lair:5)
  A swamp dragon (Swamp:2)
  A death drake (Gauntlet)
  A spriggan druid (Swamp:1)
  A bog body (Swamp:2)
  3 wizards (D:15)
  Pikel (D:5)
  A necromancer (D:15)
  An orc knight (D:15)
  4 deep elf pyromancers
  10 ugly things
  A wolf spider (Spider:1)
  6 manticores
  2 orc sorcerers
  A worldbinder (Gauntlet)
  5 cyclopes
  4 black mambas
  3 elephants (Lair:4)
  An ice statue (IceCv)
  3 gargoyles
  2 centaur skeletons (D:15)
  2 torpor snails
  An orange demon (D:11)
  Maggie (D:9)
  An unseen horror (D:11)
  An unseen horror (shapeshifter) (D:13)
  An efreet (D:15)
  26 cane toads
  2 kobold demonologists
  8 komodo dragons
  7 rime drakes
  A tengu conjurer (D:14)
  10 polar bears
  A spectral harpy (Gauntlet)
  A harpy skeleton (D:15)
  4 meliai
  7 trolls
  Grinder (Sewer)
  4 hornets
  A queen bee (Lair:3)
  5 tyrant leeches
  25 blink frogs
  Prince Ribbit (D:7)
  2 tarantellas (Spider:1)
  A jumping spider (shapeshifter) (D:14)
  3 dream sheep (D:9)
  4 wraiths
  A spriggan (Swamp:2)
  A shadow (D:10)
  A vampire (D:10)
  2 slime creatures (D:15)
  A human (shapeshifter) (D:15)
  43 yaks
  A yak (shapeshifter) (D:14)
  3 basilisks
  2 fire bats (Gauntlet)
  4 steam dragons
  2 wyverns
  10 vampire mosquitoes
  Grum (D:9)
  4 redbacks
  4 wargs (Orc:2)
  2 swamp worms
  11 water moccasins
  3 acid dragons
  A spectral hornet (Gauntlet)
  A swamp drake (Swamp:2)
  20 orc warriors
  2 black bears
  3 ice beasts
  2 boggarts (Gauntlet)
  21 wolves
  7 ogres
  12 centaurs
  2 phantoms
  2 kobold brigands
  A lemure (D:5)
  A gnoll sergeant (D:10)
  17 bullfrogs
  2 scorpions
  5 water moccasin zombies (Ossuary)
  13 wights
  15 killer bees
  7 howler monkeys
  An electric eel (Lair:5)
  7 hounds
  A gnoll bouda (D:9)
  36 orc priests
  Natasha (thrice) (D:3)
  16 orc wizards
  4 sleepcaps
  4 iguanas
  A boggart zombie (Gauntlet)
  2 mummies (Ossuary)
  Robin (D:2)
  8 gnolls
  7 adders
  5 shadow imps
  4 ufetubi (Sewer)
  5 adder zombies (Ossuary)
  A worm (D:3)
  2 dart slugs (D:3)
  95 orcs
  14 endoplasms
  4 giant cockroaches
  8 gnoll zombies (Ossuary)
  17 goblins
  11 hobgoblins
  8 jackals
  2 quokkas (D:1)
  9 ball pythons
  7 bats
  A giant cockroach zombie (Sewer)
  3 hobgoblin zombies (Ossuary)
  22 kobolds
  5 kobold zombies
  2 orc zombies (Ossuary)
  8 rats
778 creatures vanquished.

Vanquished Creatures (collateral kills)
  A centaur warrior (D:11)
  4 death yaks (Lair:5)
  An orc high priest (Orc:2)
  Amaemon (D:11)
  A deep elf zephyrmancer (D:15)
  2 ugly things (D:15)
  2 komodo dragons (Lair:1)
  A troll (D:11)
  2 blink frogs (Lair:1)
  2 yaks (Lair:5)
  A warg (Orc:2)
  2 centaurs (D:11)
  2 howler monkeys (D:11)
  4 orc priests (Orc:2)
  4 orcs
30 creatures vanquished.

Vanquished Creatures (others)
  An adder (D:5)
  An ufetubus (D:5)
  An orc (D:11)
3 creatures vanquished.

Grand Total: 811 creatures vanquished

Notes
Turn   | Place    | Note
-------+----------+-------------------------------------------
     0 | D:1      | boopmooplesden the Draconian Berserker began the quest for
                  | the Orb.
     0 | D:1      | Reached XP level 1. HP: 19/19 MP: 1/1
   678 | D:1      | Reached XP level 2. HP: 21/26 MP: 2/2
  1172 | D:2      | Noticed Robin
  1501 | D:2      | Reached XP level 3. HP: 27/31 MP: 3/3
  1600 | D:2      | Reached ** piety under Trog
  2063 | D:2      | Killed Robin
  2325 | D:3      | Found a burning altar of Makhleb.
  2342 | D:3      | Reached XP level 4. HP: 40/40 MP: 4/4
  2357 | D:3      | Reached skill level 4 in Polearms
  2492 | D:3      | Reached XP level 5. HP: 46/46 MP: 5/5
  2561 | D:3      | Found a sacrificial altar of Ru.
  2568 | D:3      | Noticed Natasha
  2580 | D:3      | Killed Natasha
  2581 | D:3      | Noticed Natasha
  2596 | D:3      | Killed Natasha
  2731 | D:3      | Noticed Natasha
  2746 | D:3      | Killed Natasha
  2747 | D:3      | Reached XP level 6. HP: 53/53 MP: 6/6
  2948 | D:3      | Noticed a shadow
  2949 | D:3      | Found a shadowy altar of Dithmenos.
  2950 | D:3      | Found a hazy altar of Hepliaklqana.
  3253 | D:4      | Reached skill level 5 in Polearms
  3309 | D:4      | Reached *** piety under Trog
  3391 | D:4      | Reached skill level 5 in Fighting
  3398 | D:4      | Reached skill level 1 in Stealth
  3398 | D:4      | Your scales start taking on a dull iron-grey colour.
  3398 | D:4      | Reached XP level 7. HP: 61/61 MP: 7/7
  3435 | D:4      | Found a sand-covered staircase.
  3447 | Ossuary  | Entered an ossuary
  3513 | Ossuary  | Reached skill level 6 in Polearms
  3513 | Ossuary  | Reached skill level 5 in Dodging
  3867 | D:4      | Reached **** piety under Trog
  3958 | D:4      | Found a glowing silver altar of Zin.
  4080 | D:5      | Entered Level 5 of the Dungeon
  4140 | D:5      | Reached XP level 8. HP: 70/70 MP: 8/8
  4219 | D:5      | Reached skill level 7 in Polearms
  4289 | D:5      | Found the +18 Lear's hauberk
  4295 | D:5      | Found a glowing drain.
  4311 | Sewer    | Entered a sewer
  4434 | Sewer    | Found an ancient bone altar of Kikubaaqudgha.
  4776 | Sewer    | Noticed Grinder
  4779 | Sewer    | Paralysed by Grinder for 2 turns
  4789 | Sewer    | Killed Grinder
  4790 | Sewer    | Reached skill level 8 in Polearms
  5030 | D:5      | Found Yprynosu's Distillery.
  5292 | D:5      | Noticed Pikel
  5305 | D:5      | Killed Pikel
  5306 | D:5      | Reached XP level 9. HP: 78/78 MP: 9/9
  5855 | D:6      | Reached skill level 9 in Polearms
  6035 | D:6      | Found Umaki's Antique Weapon Emporium.
  6043 | D:6      | Bought a glowing trident for 208 gold pieces
  6388 | D:6      | Found an ancient bone altar of Kikubaaqudgha.
  7039 | D:7      | Found a staircase to the Ecumenical Temple.
  7089 | D:7      | Noticed Prince Ribbit
  7386 | D:7      | Killed Prince Ribbit
  7387 | D:7      | Reached XP level 10. HP: 29/86 MP: 10/10
  7589 | D:7      | Reached skill level 10 in Polearms
  8992 | D:9      | Noticed Grum
  9006 | D:9      | Killed Grum
  9185 | D:9      | Found a basalt altar of Yredelemnul.
  9220 | D:9      | Reached skill level 11 in Polearms
  9292 | D:9      | Noticed a two-headed ogre
  9301 | D:9      | Killed a two-headed ogre
  9604 | D:9      | Noticed Maggie
  9624 | D:9      | Killed Maggie
  9957 | D:9      | Reached XP level 11. HP: 92/95 MP: 11/11
 10122 | D:10     | Entered Level 10 of the Dungeon
 10123 | D:10     | Found a flagged portal.
 10184 | Bailey   | Entered a bailey
 10280 | Bailey   | Reached ***** piety under Trog
 10421 | Bailey   | Reached skill level 12 in Polearms
 10609 | Bailey   | Identified the +4 short sword of the Tundras {freeze, rN+
                  | Int+3 Dex+2 Stlth+}
 10814 | D:10     | Noticed Nergalle
 10830 | D:10     | Killed Nergalle
 10853 | D:10     | HP: 2/97 [vampire (8)]
 10854 | D:10     | Noticed a two-headed ogre
 11144 | D:10     | Killed a two-headed ogre
 11895 | D:11     | Noticed Amaemon
 11916 | D:11     | Found a staircase to the Lair.
 12306 | D:11     | Found a staircase to the Orcish Mines.
 12321 | D:11     | Reached skill level 10 in Dodging
 12339 | D:11     | Noticed a centaur warrior
 12353 | D:11     | Reached skill level 10 in Fighting
 12354 | D:11     | Killed a centaur warrior
 12355 | D:11     | Reached skill level 13 in Polearms
 12360 | D:11     | Killed Amaemon
 12767 | D:11     | Found Ukiuwk's Serpentskin Sales.
 13041 | D:11     | Reached XP level 12. HP: 89/106 MP: 12/12
 13444 | D:12     | Noticed a boulder beetle
 13473 | D:12     | Found a gate leading to a gauntlet.
 13484 | Gauntlet | Entered a Gauntlet
 13484 | Gauntlet | Found a transporter.
 13496 | Gauntlet | Found a transporter.
 13530 | Gauntlet | Found a transporter.
 13567 | Gauntlet | Found a transporter.
 13569 | Gauntlet | Found a transporter.
 13571 | Gauntlet | Found a transporter.
 13599 | Gauntlet | Found a transporter.
 13689 | Gauntlet | Found a transporter.
 13745 | Gauntlet | Noticed a ghost crab
 13859 | Gauntlet | Found a transporter.
 13922 | Gauntlet | Found a transporter.
 13950 | Gauntlet | Identified the +2 demon trident of Pumeddir {freeze, *Slow
                  | rElec rC- rN+++}
 14197 | Gauntlet | Found a transporter.
 14200 | Gauntlet | Noticed a five-headed hydra
 14230 | Gauntlet | Identified the +3 pair of gloves of the Charred God {SInv}
 14411 | Gauntlet | Found a transporter.
 14413 | Gauntlet | Found a transporter.
 14424 | Gauntlet | Identified the ring "Zaemet" {Fire *Slow rElec rN++ Str+2}
 14424 | Gauntlet | Noticed a minotaur
 14438 | Gauntlet | Killed a minotaur
 14645 | Gauntlet | Identified the +6 long sword of the Unseen Realm {freeze,
                  | Str+4}
 14691 | D:12     | Reached skill level 1 in Shields
 14808 | D:12     | Noticed Erolcha
 14816 | D:12     | Killed Erolcha
 15081 | D:12     | Killed a boulder beetle
 15082 | D:12     | Reached skill level 14 in Polearms
 15444 | D:13     | Found a frozen archway.
 15450 | D:13     | Noticed a two-headed ogre
 15453 | IceCv    | Entered an ice cave
 15699 | IceCv    | Noticed a death yak
 15725 | IceCv    | Killed a death yak
 15914 | IceCv    | Noticed a death yak
 15918 | IceCv    | Noticed a death yak
 15925 | IceCv    | Killed a death yak
 15936 | IceCv    | Killed a death yak
 16025 | IceCv    | Identified the ring "Syeq" {rC+ rN+ Will++}
 16044 | IceCv    | Noticed a death yak
 16045 | IceCv    | Noticed a frost giant
 16065 | IceCv    | Killed a frost giant
 16071 | IceCv    | Killed a death yak
 16072 | IceCv    | Reached XP level 13. HP: 55/116 MP: 13/13
 16330 | IceCv    | Reached skill level 5 in Stealth
 16410 | IceCv    | Reached skill level 5 in Shields
 16781 | D:13     | Found an iron altar of Okawaru.
 16789 | D:13     | Identified the +1 falchion "Killer Bee's Death" {spect,
                  | rF++ Str+4 Dex-2}
 17584 | D:14     | Found Qumug's Distillery.
 17726 | D:14     | Found Iboranall's Jewellery Shop.
 17830 | D:14     | Found Vufuca Cuho's Book Shop.
 17937 | D:14     | Found Umynoisui's Antique Armour Boutique.
 17942 | D:14     | Bought a pair of runed boots for 225 gold pieces
 17974 | D:14     | Found a gate to the Vaults.
 18085 | Lair:1   | Entered Level 1 of the Lair of Beasts
 19415 | Lair:2   | Received a gift from Trog
 19466 | Lair:2   | Found a hole to the Spider Nest.
 19963 | Lair:2   | Found a staircase to the Swamp.
 19974 | Lair:2   | Reached skill level 15 in Polearms
 19974 | Lair:2   | Reached XP level 14. HP: 122/127 MP: 14/14
 20056 | Lair:3   | Noticed jurchenman's ghost (journeyman DECj)
 20056 | Lair:3   | Found a transporter.
 20058 | Lair:3   | Found a transporter.
 20694 | Lair:3   | Noticed Urug
 20718 | Lair:3   | Killed Urug
 21009 | Lair:3   | Killed jurchenman's ghost
 22127 | Lair:5   | Entered Level 5 of the Lair of Beasts
 23164 | Lair:5   | Found a staircase to the Slime Pits.
 23165 | Lair:5   | Found a viscous altar of Jiyva.
 23218 | Lair:5   | Reached XP level 15. HP: 137/137 MP: 15/15
 23395 | Lair:5   | Reached skill level 10 in Shields
 23717 | Lair:5   | Received a gift from Trog
 24111 | Orc:1    | Entered Level 1 of the Orcish Mines
 24359 | Orc:2    | Entered Level 2 of the Orcish Mines
 24639 | Orc:2    | Found a staircase to the Elven Halls.
 24990 | Orc:2    | Found a radiant altar of Vehumet.
 25229 | Orc:2    | Found Duatikk's Weapon Shop.
 25229 | Orc:2    | Found Pexzuij's Book Shoppe.
 25284 | Orc:2    | Found Gamualarchu's Distillery.
 25308 | Orc:2    | Found Inuhel's Assorted Antiques.
 25890 | D:14     | Found Voqashrup's General Store.
 26426 | D:15     | Entered Level 15 of the Dungeon
 26439 | D:15     | Reached skill level 1 in Evocations
 26737 | D:15     | Received a gift from Trog
 26821 | D:15     | Reached skill level 16 in Polearms
 26832 | D:15     | HP: 6/139 [white ugly thing (27)]
 27442 | D:15     | Found a staircase to the Depths.
 27890 | Spider:1 | Entered Level 1 of the Spider Nest
 28329 | Swamp:1  | Entered Level 1 of the Swamp
 28397 | Swamp:2  | Reached XP level 16. HP: 133/147 MP: 16/16
 28530 | Swamp:2  | Identified the +5 pair of gloves of Ireokyod {Stlth+}
 28530 | Swamp:2  | Noticed Nikola
 28558 | Swamp:1  | HP: 6/147 [tyrant leech[a spriggan druid] (5)]
 28561 | Swamp:1  | Demolished by a tyrant leech

Illustrated notes

Levels and vault maps discovered:
D:1:      elethiomel_arrival_maze, layout_basic
D:2:      layout_basic, uniq_robin
D:3:      layout_rooms, riverfiend_overflow_shadow_ancestor,
          nicolae_ru_awakened_eye, old_standard_altar, minmay_puff, uniq_natasha
D:4:      layout_cave_pools, old_standard_altar, enter_ossuary_3
D:5:      layout_layer_cave, cheibrodos_sewer_entry_drain,
          nicolae_concentric_dashed_squares_mild, kennysheep_windowed_goal,
          uniq_pikel
D:6:      layout_layer_cave, lemuel_coloured_pillars_altar, serial_shops,
          nicolae_lakefront_shop, dk_rats_in_the_wall
D:7:      layout_basic, minmay_temple_entry_glass, uniq_prince_ribbit1
D:8:      layout_basic, kennysheep_generic_room_13
D:9:      layout_small_grid, lemuel_crystal_altar, dreamdust_gnoll_shepherd,
          uniq_grum, uniq_maggie
D:10:     layout_basic, enter_bailey_5, st_stairs_9, uniq_nergalle
D:11:     layout_rooms, lair_entry_dummy, david_orc_3, guppyfry_shop_venom,
          uniq_amaemon
D:12:     layout_stronghold, gauntlet_entry_generic, uniq_erolcha
D:13:     layout_basic, portal_ice_cave_entry_pillars_1,
          okawaru_ov_weapons_minmay
D:14:     layout_loops_corners, lightli_vaults_fourway_checkpoint,
          nicolae_benzene_ring, serial_shops, nicolae_shop_tiny_real_fake_doors,
          nicolae_shop_waterfront, kennysheep_little_box,
          nicolae_shop_gaudy_bauble, shop, nicolae_titane
D:15:     grunt_enter_depths_magical_seal, layout_cave_pools,
          roderic_lattice_octagonal_star
Lair:1:   layout_misc_corridors, nicolae_quartered_pool_little, st_stairs_4,
          grunt_megastairs_4
Lair:2:   layout_chaotic_city, palyth_hydra_swamp_entry,
          spider_nest_entry_rubble
Lair:3:   layout_roguey, gammafunk_ghost_hive, beast_lair_carwin_5,
          lemuel_fruit_fields, uniq_urug
Lair:4:   layout_cellular_growth, serial_forest, infiniplex_forest_end_double,
          infiniplex_forest_end_1, infiniplex_forest_clump_double,
          infiniplex_forest_lined_room_3, infiniplex_forest_lined_corner,
          infiniplex_forest_clump_curved, infiniplex_forest_clump_small,
          infiniplex_forest_lined_1, infiniplex_forest_lined_ring,
          cheibrodos_lair_lostbears
Lair:5:   minmay_lair_end_frog_pond, layout_cave_pods, slime_entry_1
Swamp:1:  layout_basic_swamp, serial_swamp_ruin, evilmike_swamp_ruin_house_1,
          evilmike_swamp_ruin_rubble_2, evilmike_swamp_ruin_house_4,
          grunt_ruined_hall
Swamp:2:  layout_basic_swamp, evilmike_swamp_ruin_house_5, swamp_pool1,
          nicolae_swamp_some_circles, uniq_nikola
Spider:1: layout_chambers, hangedman_spider_tarantella_strand
Orc:1:    layout_caves, mines2_david
Orc:2:    st_orc_town, layout_caves, basic_altar

Skill      XL: |  1  2  3  4  5  6  7  8  9 10 11 12 13 14 15 16 |
---------------+-------------------------------------------------+-----
Dodging        | 3 4 5 7 8 9 10 11 12 13 14 | 14.8
Polearms       | 4 5 6 8 9 11 13 14 15 16 | 16.1
Fighting       | 4 5 6 7 8 10 11 12 13 14 | 14.7
Stealth        | 1 2 3 4 5 6 7 |  7.3
Shields        | 4 7 9 11 12 | 12.0
Evocations     | 1 |  1.2
Throwing       | |  0.2

Action                     |  1- 3 |  4- 6 |  7- 9 | 10-12 | 13-15 | 16-18 || total
---------------------------+-------+-------+-------+-------+-------+-------++-------
  Melee: Spear             |   130 |   194 |   546 |       |       |       ||   870
         Tailslap          |    12 |    31 |    95 |   105 |   295 |     6 ||   544
         Punch             |     2 |     2 |     4 |     6 |       |       ||    14
         Trident           |       |       |   114 |   236 |       |       ||   350
         Halberd           |       |       |       |   355 |       |       ||   355
         Demon trident     |       |       |       |   189 |  1540 |    44 ||  1773
  Throw: Throwing net      |       |     1 |     3 |       |       |       ||     4
 Invoke: Berserk           |     2 |     6 |    13 |    18 |    18 |     1 ||    58
         Trog's Hand       |       |     1 |     3 |     3 |     3 |       ||    10
         Brothers in Arms  |       |       |       |     2 |     4 |       ||     6
  Evoke: Wand              |       |       |       |     4 |     1 |       ||     5
    Use: Scroll            |     6 |     1 |     3 |    16 |     9 |       ||    35
         Potion            |       |       |     1 |     4 |     2 |     1 ||     8
   Stab: Sleeping          |       |       |     1 |     7 |    19 |     1 ||    28
         Distracted        |       |       |       |       |     3 |       ||     3
 Armour: Skin              |    42 |    78 |   370 |   465 |   459 |    18 ||  1432
  Dodge: Dodged            |    84 |   145 |   520 |  1003 |   968 |    39 ||  2759
  Block: Kite shield       |       |       |       |   134 |  1031 |    35 ||  1200
